 Dungeon Crawl Stone Soup version 0.31-a0-750-gfe7b580527 (webtiles) character file.

Game seed: 16214475541131137520

100 Dittersdorf the Trooper (level 4, -2/29 HPs)
             Began as a Gargoyle Fighter on Sept 14, 2023.
             Slain by Sigmund
             ... wielding a +0 scythe
              (5 damage)
             ... on level 2 of the Dungeon.
             The game lasted 00:02:37 (1452 turns).

Dittersdorf the Trooper (Gargoyle Fighter)          Turns: 1452, Time: 00:02:38

Health: -2/29      AC: 11    Str: 27    XL:     4   Next: 73%
Magic:  4/4        EV:  9    Int:  9    God:
Gold:   76         SH:  0    Dex:  9    Spells: 3/3 levels left

rFire   . . .        a - +0 flail
rCold   . . .        c - +0 buckler
rNeg    + . .        b - +0 scale mail
rPois   ∞            (no helmet)
rElec   +            (no cloak)
rCorr   .            l - +0 pair of gloves
SInv    .            (no boots)
Will    .....        n - amulet of reflection Stlth
                     f - +6 ring of strength
HPRegen 0.24/turn    (no ring)
MPRegen 0.09/turn

%: reflection
@: confused
A: sickness immunity, AC +3, negative energy resistance 1, electricity
resistance, torment resistance 1, petrification resistance
a: no special abilities


You were on level 2 of the Dungeon.
You visited 1 branch of the dungeon, and saw 2 of its levels.

You collected 76 gold pieces.

Inventory:

Hand Weapons
 a - a +0 flail (weapon)
Armour
 b - a +0 scale mail (worn)
 c - a +0 buckler (worn)
 l - a +0 pair of gloves (worn)
Jewellery
 f - a +6 ring of strength (left hand)
 n - an amulet of reflection (around neck)
Scrolls
 e - 4 scrolls of identify {unknown}
 i - a scroll of immolation {unknown}
 j - a scroll of vulnerability {unknown}
 k - a scroll of fear {unknown}
Potions
 d - a potion of might
 g - a potion of heal wounds {unknown}
 h - a potion of berserk rage {unknown}
 m - a potion of curing {unknown}


   Skills:
 + Level 4.1 Fighting
 + Level 2.9 Maces & Flails
 + Level 4.0 Armour
 + Level 4.0 Shields


You had 3 spell levels left.
You didn't know any spells.
Your spell library contained the following spells:

 Spells                   Type           Power      Damage    Failure   Level
 Kiss of Death            Conj/Necr      0%         2d5       71%         1
 Confusing Touch          Hex            0%         N/A       97%         3
 Dispel Undead            Necr           0%         3d6       100%        4
 Passage of Golubria      Tloc           0%         N/A       100%        4
 Silence                  Hex/Air        0%         N/A       100%        5
 Lehudib's Crystal Spear  Conj/Erth      0%         10d2      100%        8


Dungeon Overview and Level Annotations

Branches:
Dungeon (2/15)

Altars:

Annotations:
D:2 Sigmund


Innate Abilities, Weirdness & Mutations

You are immune to sickness and miasma.
Your stone body is resilient. (AC +3)
You are immune to poison.
You resist negative energy. (rN+)
You are resistant to electric shocks. (rElec)
You are resistant to unholy torment.
You are immune to petrification.


Message History

You sock the hobgoblin!
You kill the hobgoblin!
Sigmund points at you and mumbles some strange words.
The magic dart hits you.
You closely miss Sigmund. Sigmund barely misses you.
You barely miss Sigmund.
Sigmund mumbles some strange words.
Sigmund flickers and vanishes!
Deactivating autopickup; reactivate with Ctrl-A.
You closely miss something.
You hear some strange, mumbled words.
Something tries to affect you, but you resist.
You barely miss something. Something hits you.
You closely miss something.
You hear some strange, mumbled words.
Something tries to affect you, but you resist.
You closely miss something. Something hits you.
You miss something. Something hits you but does no damage.
You closely miss something. Something hits you.
You closely miss something. Something hits you but does no damage.
You miss something. You miss something. Something hits you.
You miss something.
You hear some strange, mumbled words.
You are confused.
You barely miss something. Something hits you.
You closely miss something. Something hits you but does no damage.
Something hits you but does no damage.
You bump into the rock wall.
You feel less confused.
You hear some strange, mumbled words.
A magic dart appears from out of thin air!
The magic dart hits you.
* * * LOW HITPOINT WARNING * * *
You hear some strange, mumbled words.
You are confused.
Something hits you.
* * * LOW HITPOINT WARNING * * *
Something hits you.
You die...

#...........)...........'......
#.........#.##..##....###......
#.........#.....#....## #......
#.........###...#...# ....
#.........##........# ...
#.........##..#..>#.# ..
#.........##....#.#. #
####....#.#.....#.#
####.#.####.@#.#
#.#.###...#.#+####
#....#....#.......
#.................
#.####†#####......
#.....g....#### #...#..@...#
#...#.!....# #####......#


There were no monsters in sight!

Vanquished Creatures
  3 gnolls
  An adder (D:2)
  A worm (D:2)
  2 dart slugs
  2 ball pythons (D:2)
  5 endoplasms
  2 giant cockroaches (D:1)
  3 goblins
  5 hobgoblins
  8 jackals
  5 kobolds (D:1)
  4 quokkas
  4 bats
  A frilled lizard (D:2)
  2 rats (D:1)
48 creatures vanquished.

Notes
Turn   | Place    | Note
-------+----------+-------------------------------------------
     0 | D:1      | Dittersdorf the Gargoyle Fighter began the quest for the
                  | Orb.
     0 | D:1      | Reached XP level 1. HP: 14/14 MP: 1/1
   100 | D:1      | Reached XP level 2. HP: 19/19 MP: 2/2
   235 | D:1      | Reached XP level 3. HP: 10/23 MP: 3/3
  1004 | D:2      | Reached XP level 4. HP: 8/29 MP: 4/4
  1420 | D:2      | Noticed Sigmund
  1452 | D:2      | Slain by Sigmund

Illustrated notes

Levels and vault maps discovered:
D:1:      amcnicky_arrival_wind_blow, layout_basic
D:2:      layout_basic, shapermc_ecumenical_altar_hornbeckon, uniq_sigmund

Skill      XL: |  1  2  3  4 |
---------------+-------------+-----
Fighting       | 4 |  4.1
Shields        | 4 |  4.0
Armour         | 4 |  4.0
Maces & Flails | |  2.9

Action                     |  1- 3 |  4- 6 || total
---------------------------+-------+-------++-------
  Melee: Flail             |   112 |    67 ||   179
 Armour: Scale mail        |   100 |    52 ||   152
  Dodge: Dodged            |    76 |    26 ||   102
  Block: Buckler           |    20 |     9 ||    29

Table legend: (Time is in decaauts)
 A = Elapsed time spent in this place.
 B = Non-inter-level travel time spent in this place.
 C = Inter-level travel time spent in this place.
 D = Time resting spent in this place.
 E = Time spent auto-exploring this place.
 F = Levels seen in this place.
 G = Mean time per level.
                   A        B        C        D        E       F      G
               +--------+--------+--------+--------+--------+-----+--------+
         Total |   1509 |   1500 |      9 |    162 |    877 |   2 |  754.5 |
       Dungeon |   1509 |   1500 |      9 |    162 |    877 |   2 |  754.5 |
               +--------+--------+--------+--------+--------+-----+--------+

Top non-repeatable levels by time:
     D:1: 954 daAuts
     D:2: 555 daAuts
